Map: Habitation Station LE (Void)

Players

Z911 - Winner!

  • Race: Protoss Protoss
  • League: Platinum
  • Spawn Location: 11:00

Amix

  • Race: Zerg Zerg
  • League: Platinum
  • Spawn Location: 1:00

VOD

Have the link to the VOD?

Description

Time

  • Played on: Dec. 17, 2016, 1:57 a.m.
  • Length: 7:26
Show
View Real Time Build Order
Export as new Build Order

Z911 Protoss - Winner!

Build Orders:  

Get SALT Encoding   

  12  0:01  Probe (Chrono Boost)  
  13  0:12  Probe (Chrono Boost)  
  14  0:17  Pylon  
  14  0:23  Probe (Chrono Boost)  
  15  0:37  Gateway  
  15  0:39  Probe (Chrono Boost)  
  16  0:43  Assimilator  
  16  0:49  Probe (Chrono Boost)  
  17  1:00  Probe (Chrono Boost)  
  18  1:11  Probe (Chrono Boost)  
  19  1:15  Gateway  
  19  1:24  Probe (Chrono Boost), Cybernetics Core  
  20  1:28  Pylon  
  20  1:35  Probe (Chrono Boost)  
  20  1:39  Assimilator  
  21  2:05  Adept  
  23  2:09  Nexus  
  23  2:12  Adept  
  25  2:17  Probe (Chrono Boost)  
  25  2:19  Warp Gate  
  26  2:39  Mothership Core (Chrono Boost)  
  28  2:48  Pylon  
  28  3:00  Stargate  
  28  3:07  Pylon  
  28  3:09  Stalker  
  26  3:27  Adept  
  26  3:32  Probe (Chrono Boost)  
  29  3:35  Probe (Chrono Boost)  
  30  3:42  Probe (Chrono Boost), Adept  
  30  3:46  Probe (Chrono Boost)  
  34  3:54  Probe (Chrono Boost)  
  35  4:00  Oracle  
  35  4:02  Adept  
  40  4:34  Probe (Chrono Boost)  
  40  4:36  Probe (Chrono Boost)  
  42  4:44  Gateway  
  42  4:45  Probe (Chrono Boost)  
  43  4:46  Gateway  
  43  4:48  Probe (Chrono Boost)  
  43  4:50  Gateway  
  44  4:53  Fleet Beacon  
  44  5:14  Probe (Chrono Boost)  
  46  5:15  Probe (Chrono Boost)  
  46  5:18  Adept x2  
  46  5:21  Void Ray  
  50  5:24  Probe (Chrono Boost)  
  50  5:27  Probe (Chrono Boost)  
  56  5:39  Stalker x2  
  60  5:45  Probe (Chrono Boost)  
  60  5:46  Probe (Chrono Boost)  
  62  6:09  Pylon  
  62  6:10  Pylon  
  62  6:12  Pylon  
  62  6:26  Nexus  
  62  6:27  Probe (Chrono Boost)  
  62  6:28  Probe (Chrono Boost), Pylon  
  62  6:30  Pylon  
  64  6:33  Pylon  
  64  6:36  Stalker, Assimilator  
  64  6:37  Stalker x4, Probe (Chrono Boost)  
  76  6:40  Probe (Chrono Boost)  
  76  6:48  Probe (Chrono Boost)  
  76  6:53  Probe (Chrono Boost)  
Show
View Real Time Build Order
Export as new Build Order

Amix Zerg 

Build Orders: Pool First 

Get SALT Encoding   

  12  0:01  Drone  
  13  0:08  Drone  
  14  0:15  Extractor  
  14  0:16  Drone  
  15  0:27  Overlord  
  15  0:32  Extractor x2  
  15  0:33  Drone  
  16  0:45  Drone  
  16  0:48  Extractor  
  16  0:51  Spawning Pool  
  16  0:52  Drone  
  16  0:56  Drone  
  17  1:20  Hatchery  
  17  1:24  Drone  
  17  1:26  Drone  
  18  1:33  Drone  
  18  1:38  Drone  
  20  1:46  Queen  
  22  1:53  Metabolic Boost  
  22  2:00  Overlord  
  22  2:13  Extractor  
  22  2:14  Zergling x2  
  23  2:19  Zergling x2  
  23  2:21  Drone  
  25  2:23  Queen  
  27  2:33  Queen  
  27  2:34  Drone x2  
  31  2:47  Roach Warren  
  31  2:48  Drone  
  31  2:57  Zergling x6  
  34  3:03  Spine Crawler  
  33  3:07  Spine Crawler  
  30  3:29  Lair  
  30  3:35  Drone x6  
  36  3:52  Overlord x2  
  36  3:53  Overlord x2  
  35  4:22  Drone x6  
  40  4:36  Drone x2  
  42  4:39  Queen x2  
  46  4:49  Drone x2  
  48  4:54  Glial Reconstitution  
  48  4:55  Hatchery  
  39  5:21  Spore Crawler  
  39  5:27  Spore Crawler  
  37  5:36  Drone  
  37  5:37  Drone x8  
  37  5:38  Drone  
  47  5:54  Extractor  
  47  5:55  Extractor  
  45  5:58  Drone  
  45  5:59  Drone x6  
  52  6:04  Extractor  
  52  6:05  Drone x2  
  53  6:16  Roach x4  
  61  6:27  Drone x4  
  61  6:32  Spore Crawler  
  64  6:57  Spore Crawler  
  63  7:07  Drone x3  
  63  7:08  Spine Crawler  
Tags
 
Add a new tag
Caveats
  • Supply blocks, unpowered buildings, or Contaminate may cause inaccurate times.
  • Supply counts are checked every 10 seconds.